[Event "Betsys MČR v online bleskovém šachu 2021"]
[Site "Chess.com"]
[Date "2021.04.17"]
[Round "13"]
[White "RousekJan"]
[Black "Qb1xh8"]
[Result "1/2-1/2"]
[WhiteElo "1821"]
[BlackElo "2021"]
[TimeControl "180+1"]
[EndTime "11:08:15 PDT"]
[Termination "Remíza opakováním pozice"]

1. d4 Nf6 2. c4 e5 3. dxe5 Ng4 4.
Nf3 Nc6 5. Nc3 Bb4 6. Bd2 Ngxe5 7. Nxe5 Nxe5 8. e3 O-O 9. a3 Bxc3 10. Bxc3 Re8 11. Bxe5 Rxe5 12. g3 d5 13. Bg2 Be6 14. cxd5 Bxd5 15. Bxd5 Rxd5 16. Qe2 Qd7 17. Rd1 Re8 18.
O-O Rd8 19. Rxd5 Qxd5 20. Rc1 c6 21. Qc4 Qxc4 22. Rxc4 Rd2 23. Rb4 b5 24. Kf1 Kf8 25.
Ke1 Rc2 26. Rb3 Ke7 27. Rc3 Rxb2 28. Rxc6 Ra2 29. Ra6 b4 30. Rxa7+ Ke6 31. Ra6+ Ke7 32. Ra7+ Ke6 33. Ra6+ Ke7 34. Ra7+ 1/2-1/2

[Event "Betsys MČR v online bleskovém šachu 2021"]
[Site "Chess.com"]
[Date "2021.04.17"]
[Round "13"]
[White "Richarlito"]
[Black "vit_rosenbaum"]
[Result "1/2-1/2"]
[WhiteElo "2081"]
[BlackElo "2254"]
[TimeControl "180+1"]
[EndTime "11:08:19 PDT"]
[Termination "Remíza opakováním pozice"]

1. e4 e6 2. d4 d5 3. exd5 exd5 4. c4 Nf6 5. Nc3 Be7 6. Bd3 dxc4 7. Bxc4 O-O 8. Nge2 Nbd7 9. O-O Nb6 10. Bd3 Nbd5 11.
Bg5 h6 12. Bh4 c6 13. Bg3 Bg4 14. f3 Be6 15. Kh1 Re8 16. Nf4 Nxf4 17. Bxf4 Nd5 18. Bg3 Ne3 19. Qd2 Nxf1 20. Rxf1 Bg5 21. f4 Bf6 22. f5 Bd5 23. Bf2 Qb6 24. Na4 Qd8 25. Nc3 Qd7 26. Be3 Rad8 27. Ne2 Be4 28. Bc4 Bxf5 29.
Bxh6 gxh6 30. Qxh6 Bg7 31. Qg5 Be6 32. Nf4 Bxc4 33.
Nh5 Kf8 34. Qxg7+ Ke7 35. Qf6+ Kf8 36. Qg7+ Ke7 37. Qf6+ Kf8 38. Qg7+ 1/2-1/2

[Event "Betsys MČR v online bleskovém šachu 2021"]
[Site "Chess.com"]
[Date "2021.04.17"]
[Round "13"]
[White "krajic001"]
[Black "Anyna"]
[Result "1-0"]
[WhiteElo "1097"]
[BlackElo "834"]
[TimeControl "180+1"]
[EndTime "11:08:19 PDT"]
[Termination "Uživatel krajic001 zvítězil po vzdání soupeře"]

1. e4 d5 2. exd5 Qxd5 3. d4 Nc6 4. Nf3 Nf6 5. Nc3 Qa5 6. Bd2 Bg4 7. Ne4 Qb6 8. Nxf6+ gxf6 9. c3 O-O-O 10. a4 Qxb2 11. Rb1 Qa2 12. Bd3 e5 13. h3 Bxf3 14. Qxf3 Bd6 15. O-O Qxd2 16. Be4 Qxc3 17. Qxc3 1-0

[Event "Betsys MČR v online bleskovém šachu 2021"]
[Site "Chess.com"]
[Date "2021.04.17"]
[Round "13"]
[White "jankrelina07"]
[Black "Miky2610"]
[Result "0-1"]
[WhiteElo "1593"]
[BlackElo "1807"]
[TimeControl "180+1"]
[EndTime "11:08:35 PDT"]
[Termination "Uživatel Miky2610 zvítězil po vzdání soupeře"]

1. d4 c6 2. Bf4 d5 3. e3 Nf6 4.
c3 Bf5 5. Bd3 Bxd3 6. Qxd3 Nbd7 7. Nf3 e6 8. Nbd2 Be7 9. Ne5 Nxe5 10. Bxe5 Qb6 11. Qc2 O-O 12. Nf3 Ng4 13. Bg3 c5 14.
h3 Nf6 15. Be5 Ne4 16. Bh2 Bd6 17. Bxd6 Qxd6 18. Nd2 Nf6 19. Nf3 cxd4 20. exd4 Rac8 21. Qd2 b5 22. O-O a5 23. Qe2 b4 24. Rac1 bxc3 25. bxc3 Ne4 26. Qe3 Qa3 27. Kh1 Rxc3 28. Rxc3 Qxc3 29. Qxc3 Nxc3 30. a3 h6 31. Ra1 Ne4 32. Kg1 Rc8 33. Ne5 Rc2 34. f3 Nd6 35. Rb1 Rc3 36. a4 Ra3 37. Rb8+ Kh7 38. Nxf7 Nxf7 0-1

[Event "Betsys MČR v online bleskovém šachu 2021"]
[Site "Chess.com"]
[Date "2021.04.17"]
[Round "13"]
[White "Dasty78"]
[Black "FMD-MP"]
[Result "0-1"]
[WhiteElo "1976"]
[BlackElo "1736"]
[TimeControl "180+1"]
[EndTime "11:08:37 PDT"]
[Termination "Uživatel FMD-MP zvítězil matem"]

1. e4 c5 2. Nf3 Nc6 3. Nc3 d6 4. d4 cxd4 5. Nxd4 Nf6 6. Bg5 h6 7. Bh4 g5 8. Bg3 Bg7 9. Bc4 Qb6 10. Nb3 O-O 11. Qd2 Ne5 12. Be2 Be6 13. O-O-O Rac8 14. f3 Nc4 15. Bxc4 Rxc4 16. h4 g4 17. e5 dxe5 18. Bxe5 Rfc8 19. Nd4 Rxc3 20. bxc3 Bxa2 21. Nf5 Qb1# 0-1

[Event "Betsys MČR v online bleskovém šachu 2021"]
[Site "Chess.com"]
[Date "2021.04.17"]
[Round "13"]
[White "fortale"]
[Black "tomasPardubice"]
[Result "1-0"]
[WhiteElo "2314"]
[BlackElo "2107"]
[TimeControl "180+1"]
[EndTime "11:08:40 PDT"]
[Termination "Uživatel fortale zvítězil po vzdání soupeře"]

1. e4 c5 2. Nf3 d6 3. d4 cxd4 4. Nxd4 Nf6 5. Nc3 a6 6. h3 e6 7. g4 d5 8. e5 Nfd7 9. Qe2 Qc7 10. f4 Bb4 11. Bd2 Nc6 12. Nb3 O-O 13. Bg2 b5 14. O-O-O Bb7 15. Kb1 Bxc3 16. Bxc3 b4 17. Bd2 a5 18.
Be3 a4 19. Nd4 Nxd4 20. Bxd4 Ba6 21. Qe3 Rfb8 22. f5 Nb6 23. f6 Qd8 24. Qg5 Qf8 25.
Bc5 h6 26. fxg7 hxg5 27. gxf8=Q+ Rxf8 28. Bxb6 1-0

[Event "Betsys MČR v online bleskovém šachu 2021"]
[Site "Chess.com"]
[Date "2021.04.17"]
[Round "13"]
[White "vikysachy"]
[Black "VildaSt"]
[Result "0-1"]
[WhiteElo "871"]
[BlackElo "1284"]
[TimeControl "180+1"]
[EndTime "11:08:40 PDT"]
[Termination "Uživatel VildaSt zvítězil matem"]

1. e4 e5 2. Nf3 Nc6 3. Nc3 Nf6 4. Bc4 Bb4 5. d3 O-O 6. Bg5 Be7 7. Qd2 Na5 8. Bh6 Nxc4 9. dxc4 d6 10. Qg5 g6 11. Bxf8 Bxf8 12. Qh4 Be7 13. Nd5 Bg4 14. Ng5 h5 15. Nxf6+ Bxf6 16. f3 Bxg5 17. Qg3 Be6 18. f4 Bh4 19. Qxh4 Qxh4+ 20. g3 Qe7 21. O-O-O exf4 22.
gxf4 Bxc4 23. Rhg1 Qxe4 24. Rde1 Qxf4+ 25. Kb1 Be6 26. Ref1 Qxh2 27. Rh1 Qe5 28. Re1 Qa5 29. Re3 Qxa2+ 30.
Kc1 Qa1+ 31. Kd2 Qxh1 32. Kc3 Qd5 33. Rd3 Qc4+ 34. Kd2 Re8 35. Rc3 Qf4+ 36. Kd3 Bf5# 0-1

[Event "Betsys MČR v online bleskovém šachu 2021"]
[Site "Chess.com"]
[Date "2021.04.17"]
[Round "13"]
[White "Michelangelo111"]
[Black "horvi1"]
[Result "1/2-1/2"]
[WhiteElo "2136"]
[BlackElo "2235"]
[TimeControl "180+1"]
[EndTime "11:08:45 PDT"]
[Termination "Remíza dohodou"]

1. Nf3 Nf6 2. g3 d5 3. Bg2 Bf5 4. O-O e6 5. d4 Bd6 6. c4 c6 7. Qb3 Qb6 8. c5 Qxb3 9. axb3 Bc7 10. Nc3 Nbd7 11. Bf4 Bxf4 12. gxf4 a5 13. b4 Ke7 14.
Rxa5 Rxa5 15. bxa5 Ra8 16. b4 Nh5 17. e3 Bd3 18. Ra1 f6 19. Nd2 e5 20. fxe5 fxe5 21.
Bf1 Bxf1 22. Kxf1 exd4 23. exd4 Nf4 24. Nf3 Nd3 25. Rb1 Rf8 26. Ke2 Nf4+ 27. Ke3 Ng2+ 28. Ke2 Nf4+ 29. Ke3 Ng2+ 1/2-1/2

[Event "Betsys MČR v online bleskovém šachu 2021"]
[Site "Chess.com"]
[Date "2021.04.17"]
[Round "13"]
[White "hoacin"]
[Black "Ladislav1969"]
[Result "0-1"]
[WhiteElo "2500"]
[BlackElo "2333"]
[TimeControl "180+1"]
[EndTime "11:08:47 PDT"]
[Termination "Uživatel Ladislav1969 zvítězil matem"]

1. e4 c5 2. Nf3 e6 3. d4 cxd4 4. Nxd4 a6 5. Bd3 Nc6 6. Nxc6 dxc6 7. O-O e5 8. a4 Nf6 9. a5 Be6 10. Nd2 Bc5 11. h3 O-O 12. Qe2 g6 13. Nc4 Qc7 14. Be3 Bxe3 15. Qxe3 Bxc4 16. Bxc4 Rfd8 17. c3 Rd7 18.
Be2 Rad8 19. Rfe1 Rd2 20. b4 Qe7 21. Red1 Rxd1+ 22. Rxd1 Rxd1+ 23. Bxd1 Qe6 24. Qa7 Nxe4 25. Qxb7 Nxc3 26. Bg4 f5 27. Qxa6 fxg4 28. Qb7 gxh3 29. a6 Ne2+ 30. Kh2 hxg2 31. Kxg2 Nf4+ 32. Kf3 Qd5+ 33.
Kg3 Qg2+ 34. Kh4 g5# 0-1

[Event "Betsys MČR v online bleskovém šachu 2021"]
[Site "Chess.com"]
[Date "2021.04.17"]
[Round "13"]
[White "MBorkovec"]
[Black "penguinorodriguez"]
[Result "0-1"]
[WhiteElo "2290"]
[BlackElo "2549"]
[TimeControl "180+1"]
[EndTime "11:08:48 PDT"]
[Termination "Uživatel penguinorodriguez zvítězil po vzdání soupeře"]

1. e4 e6 2. d3 c5 3. Nd2 Nc6 4.
Ngf3 g6 5. g3 Bg7 6. Bg2 Nge7 7.
O-O O-O 8. Re1 e5 9. Nc4 d6 10. a4 b6 11. Bg5 f6 12. Bd2 Be6 13. Ne3 d5 14. exd5 Nxd5 15. Nxd5 Bxd5 16. Nh4 Nd4 17. Bc3 Bxg2 18. Nxg2 Qd5 19. Bxd4 cxd4 20. Nh4 Rac8 21. b3 f5 22. Nf3 e4 23. Nd2 e3 24. Nc4 f4 0-1

[Event "Betsys MČR v online bleskovém šachu 2021"]
[Site "Chess.com"]
[Date "2021.04.17"]
[Round "13"]
[White "Emicka1330"]
[Black "patrikvagner"]
[Result "1-0"]
[WhiteElo "1578"]
[BlackElo "1732"]
[TimeControl "180+1"]
[EndTime "11:08:49 PDT"]
[Termination "Uživatel Emicka1330 zvítězil matem"]

1. e4 c6 2. d4 d5 3. e5 Bf5 4. Nc3 e6 5. g4 Bg6 6. Nge2 h5 7. Nf4 c5 8. Nxg6 fxg6 9. Bd3 cxd4 10. Bxg6+ Kd7 11.
Qxd4 Nc6 12. Qf4 Nh6 13. gxh5 Be7 14. Be3 Rf8 15. Qa4 Nf5 16. O-O-O a6 17. Qb3 b5 18.
Nxd5 exd5 19. Rxd5+ Bd6 20. exd6 Qf6 21. Bxf5+ Qxf5 22. Rxf5 Rxf5 23. Rg1 Raf8 24. Rxg7+ Kc8 25. Qe6+ Kb8 26.
Qd7 Ka8 27. Qb7# 1-0

[Event "Betsys MČR v online bleskovém šachu 2021"]
[Site "Chess.com"]
[Date "2021.04.17"]
[Round "13"]
[White "phil3"]
[Black "tiger196223"]
[Result "1/2-1/2"]
[WhiteElo "2097"]
[BlackElo "1840"]
[TimeControl "180+1"]
[EndTime "11:08:56 PDT"]
[Termination "Remíza opakováním pozice"]

1. e4 e6 2. d4 d5 3. Nc3 dxe4 4.
Nxe4 Nd7 5. Nf3 Be7 6. Bd3 Ngf6 7. O-O O-O 8. Nxf6+ Nxf6 9. c3 b6 10. Bg5 Bb7 11. Re1 h6 12. Bh4 c5 13. dxc5 bxc5 14. Ne5 Qd5 15. Bf1 Qxd1 16. Raxd1 Rfd8 17. Bb5 Rxd1 18. Rxd1 Rd8 19. Rxd8+ Bxd8 20. Nc6 Bxc6 21. Bxc6 Bc7 22.
c4 g5 23. Bg3 Bxg3 24. hxg3 Kf8 25. Kf1 Ke7 26. Ke2 Kd6 27. Bb7 Nd7 28. f3 Nb6 29. b3 Nd7 30. Ke3 f5 31. Ba8 Nb6 32.
Bb7 Nd7 33. Bc8 Nb6 34. Bb7 Nd7 1/2-1/2

[Event "Betsys MČR v online bleskovém šachu 2021"]
[Site "Chess.com"]
[Date "2021.04.17"]
[Round "13"]
[White "Tassa15"]
[Black "Michal5"]
[Result "0-1"]
[WhiteElo "872"]
[BlackElo "1193"]
[TimeControl "180+1"]
[EndTime "11:09:03 PDT"]
[Termination "Uživatel Michal5 zvítězil matem"]

1. d4 d5 2. Nf3 Nc6 3. Bf4 Bf5 4.
e3 Nf6 5. Bd3 Bxd3 6. Qxd3 e6 7.
c3 Bd6 8. Bxd6 Qxd6 9. Nbd2 h6 10. h3 O-O 11. O-O e5 12. dxe5 Nxe5 13. Nxe5 Qxe5 14. Qb5 b6 15. Qc6 Qe7 16. Nf3 Rad8 17. Rad1 Rd6 18. Qa4 c5 19. Rfe1 Rfd8 20. Qb3 Qd7 21. a3 d4 22.
exd4 cxd4 23. cxd4 Nd5 24. Ne5 Qb7 25. Nc4 R6d7 26.
Ne5 Rd6 27. Nf3 Nf4 28. Re3 Rg6 29. Nh4 Rxg2+ 30. Nxg2 Qxg2# 0-1

[Event "Betsys MČR v online bleskovém šachu 2021"]
[Site "Chess.com"]
[Date "2021.04.17"]
[Round "13"]
[White "fm_magua"]
[Black "marecek1754"]
[Result "1-0"]
[WhiteElo "2498"]
[BlackElo "2193"]
[TimeControl "180+1"]
[EndTime "11:09:06 PDT"]
[Termination "Uživatel fm_magua zvítězil po vzdání soupeře"]

1. e4 e5 2. Nf3 Nc6 3. Bb5 a6 4. Ba4 Nf6 5. d4 Nxd4 6. Nxe5 Ne6 7. O-O Bc5 8. Nc3 O-O 9. Bb3 d6 10. Nd3 Ba7 11. Kh1 Qe7 12. f4 Nc5 13. e5 Ng4 14. f5 Nxd3 15. Qxd3 Qxe5 16. Bf4 Qxf5 17. Qg3 Qg6 18. Nd5 Kh8 19. Nxc7 Rb8 20. Bxd6 Rg8 21. Bxf7 Nf2+ 22. Rxf2 Qxg3 23. Bxg3 Bxf2 24. Bxf2 Rf8 25.
Ba7 Rxf7 26. Bxb8 1-0

[Event "Betsys MČR v online bleskovém šachu 2021"]
[Site "Chess.com"]
[Date "2021.04.17"]
[Round "13"]
[White "CZpeeeter"]
[Black "domecek"]
[Result "1-0"]
[WhiteElo "1717"]
[BlackElo "1944"]
[TimeControl "180+1"]
[EndTime "11:09:15 PDT"]
[Termination "Uživatel CZpeeeter zvítězil na čas"]

1. d4 d5 2. Nf3 Nf6 3. e3 g6 4. c4 e6 5. Nc3 Bg7 6. Be2 O-O 7. O-O b6 8. b4 dxc4 9. Bxc4 c5 10. bxc5 bxc5 11.
Ba3 Qa5 12. Qb3 Na6 13. Rfc1 Rb8 14. Qa4 Qxa4 15. Nxa4 Bb7 16. Bxa6 Bxa6 17. Nxc5 Be2 18. Ne5 Rfc8 19. Ncd7 Rb7 20. Rxc8+ 1-0

[Event "Betsys MČR v online bleskovém šachu 2021"]
[Site "Chess.com"]
[Date "2021.04.17"]
[Round "13"]
[White "vozmenmarcel"]
[Black "androidddd"]
[Result "1-0"]
[WhiteElo "1871"]
[BlackElo "1473"]
[TimeControl "180+1"]
[EndTime "11:09:16 PDT"]
[Termination "Uživatel vozmenmarcel zvítězil po vzdání soupeře"]

1. e4 c6 2. d4 d5 3. e5 c5 4. c3 Nc6 5. f4 cxd4 6. cxd4 Qb6 7. Nf3 Bg4 8. Be3 Qxb2 9. Nbd2 Rc8 10. Rb1 Qxa2 11.
Rxb7 e6 12. Bb5 Ne7 13. O-O a6 14. Bxc6+ Nxc6 15. Qb1 Qxb1 16. Rfxb1 Bb4 17. R1xb4 Nxb4 18. Rxb4 O-O 19. Kf2 a5 20. Ra4 h5 21. h3 Bf5 22.
Rxa5 Rc2 23. Ra7 Be4 24. g4 Rfc8 25. Ng5 R8c7 26. Rxc7 Rxc7 27. Ngxe4 dxe4 28. Nxe4 hxg4 29. hxg4 Kf8 30. Kf3 Rc2 31. f5 exf5 32. gxf5 Ke7 33. Bg5+ f6 34. exf6+ gxf6 35. Bxf6+ Kf7 36. Be5 Rc4 37.
Nd6+ 1-0

[Event "Betsys MČR v online bleskovém šachu 2021"]
[Site "Chess.com"]
[Date "2021.04.17"]
[Round "13"]
[White "Dvacetsekund"]
[Black "avsokol"]
[Result "1-0"]
[WhiteElo "2215"]
[BlackElo "2341"]
[TimeControl "180+1"]
[EndTime "11:09:26 PDT"]
[Termination "Uživatel Dvacetsekund zvítězil matem"]

1. e4 c5 2. Nf3 d6 3. d4 cxd4 4. Nxd4 Nf6 5. Nc3 g6 6. Be3 Bg7 7. f3 O-O 8. Qd2 Nc6 9. Bc4 Bd7 10. h4 Rc8 11. Bb3 h5 12. O-O-O Ne5 13. Bg5 Rc5 14.
Kb1 b5 15. g4 hxg4 16. h5 Nxh5 17. Nd5 Re8 18. Rxh5 gxh5 19. Qh2 Rxd5 20. exd5 gxf3 21. Qxh5 Bg4 22. Qh4 Qb6 23. Nc6 f2 24. Rh1 f6 25.
Nxe5 dxe5 26. Qxg4 fxg5 27. d6+ Kf8 28. Qf5+ Bf6 29.
Rh8+ Kg7 30. Qh7# 1-0

[Event "Betsys MČR v online bleskovém šachu 2021"]
[Site "Chess.com"]
[Date "2021.04.17"]
[Round "13"]
[White "HCMotorCB"]
[Black "TerezaRodshtein"]
[Result "1-0"]
[WhiteElo "2381"]
[BlackElo "2184"]
[TimeControl "180+1"]
[EndTime "11:09:29 PDT"]
[Termination "Uživatel HCMotorCB zvítězil po vzdání soupeře"]

1. e4 c5 2. Nf3 d6 3. d4 cxd4 4. Nxd4 Nf6 5. Nc3 g6 6. h3 Bg7 7.
g4 Nc6 8. Nde2 Qa5 9. Bg2 b5 10. O-O Bb7 11. a4 b4 12. Nd5 O-O 13. Bg5 Rad8 14.
Nxf6+ Bxf6 15. Bxf6 exf6 16. Nf4 Ne5 17. b3 Qc5 18.
Qd2 f5 19. gxf5 gxf5 20. Nd5 Kh8 21. Qh6 Bxd5 22. exd5 Rg8 23. Qf6+ Rg7 24. Qxd8+ Rg8 25. Qf6+ Rg7 26. Qxf5 Qxd5 27. Qc8+ Rg8 28. Qxg8+ Kxg8 29. Bxd5 1-0

[Event "Betsys MČR v online bleskovém šachu 2021"]
[Site "Chess.com"]
[Date "2021.04.17"]
[Round "13"]
[White "Bartusman"]
[Black "dnovotny"]
[Result "1-0"]
[WhiteElo "1966"]
[BlackElo "1730"]
[TimeControl "180+1"]
[EndTime "11:09:29 PDT"]
[Termination "Uživatel Bartusman zvítězil na čas"]

1. e4 e5 2. Nf3 Nc6 3. Bc4 Nf6 4. d4 exd4 5. O-O Nxe4 6. Nc3 dxc3 7. Bxf7+ Kxf7 8. Qd5+ Ke8 9. Re1 Ne7 10. Rxe4 d6 11. Bg5 c6 12. Qd4 Bf5 13. Re2 Kd7 14. Ne5+ Kc7 15. Nf7 Qd7 16. Nxh8 Ng6 17. Nxg6 Bxg6 18. Qxc3 Re8 19. Rae1 Rxe2 20. Rxe2 Bf5 21. Bf4 h6 22. Rd2 1-0

[Event "Betsys MČR v online bleskovém šachu 2021"]
[Site "Chess.com"]
[Date "2021.04.17"]
[Round "13"]
[White "Tah_na_g12"]
[Black "WhiteLittleHorse"]
[Result "0-1"]
[WhiteElo "1163"]
[BlackElo "982"]
[TimeControl "180+1"]
[EndTime "11:09:31 PDT"]
[Termination "Uživatel WhiteLittleHorse zvítězil matem"]

1. e4 e5 2. Nf3 Nc6 3. Bc4 Bc5 4. c3 Nf6 5. d4 exd4 6. cxd4 Bb6 7. e5 Ng8 8. Bg5 f6 9. exf6 gxf6 10. Qe2+ Nge7 11. Bxf6 Rf8 12. Bxe7 Qxe7 13. Qxe7+ Nxe7 14. O-O d5 15. Bb5+ c6 16. Bd3 Bg4 17. Re1 Bxf3 18. gxf3 Rxf3 19. Bxh7 Bxd4 20. Re2 Rf7 21. Bd3 Kd7 22.
Nc3 Rg8+ 23. Kh1 Bxf2 24. Rf1 Rgf8 25. Kg2 Rg8+ 26. Kh1 Rgf8 27. Nd1 Bb6 28. Rfe1 Rf1+ 29. Kg2 Rxe1 30. Rxe1 Rg8+ 31. Kf3 Rf8+ 32. Kg4 Rg8+ 33. Kf3 Rf8+ 34. Kg2 Rg8+ 35. Kh1 Nc8 36. Bf5+ Kc7 37.
Re7+ Kb8 38. Be6 Rg1# 0-1

[Event "Betsys MČR v online bleskovém šachu 2021"]
[Site "Chess.com"]
[Date "2021.04.17"]
[Round "13"]
[White "Maty122"]
[Black "svobodan"]
[Result "0-1"]
[WhiteElo "1131"]
[BlackElo "1640"]
[TimeControl "180+1"]
[EndTime "11:09:32 PDT"]
[Termination "Uživatel svobodan zvítězil matem"]

1. e4 c5 2. Nf3 d6 3. c4 Nf6 4.
Nc3 Nc6 5. d4 cxd4 6. Nxd4 g6 7.
Bg5 Bg7 8. Qf3 Nxd4 9. Qd3 Nc6 10. Bxf6 Bxf6 11. Qd5 Be6 12. Qb5 Qc7 13. Be2 a6 14. Qa4 O-O 15. O-O Ne5 16. Nd5 Bxd5 17. cxd5 Qd7 18. Qb4 a5 19. Qb6 Rfc8 20. f4 Nc4 21. Qb3 Nd2 22. Qe3 Nc4 23. Qf3 Nd2 24. Qd3 Nxf1 25.
Rxf1 Qc7 26. Bf3 Qc2 27. Qe3 Qxb2 28. e5 dxe5 29. fxe5 Bxe5 30. Qh6 Bd4+ 31. Kh1 Qb5 32. Be4 Qxf1# 0-1

[Event "Betsys MČR v online bleskovém šachu 2021"]
[Site "Chess.com"]
[Date "2021.04.17"]
[Round "13"]
[White "adambelaska"]
[Black "dzerenyss"]
[Result "1-0"]
[WhiteElo "1392"]
[BlackElo "1109"]
[TimeControl "180+1"]
[EndTime "11:09:33 PDT"]
[Termination "Uživatel adambelaska zvítězil matem"]

1. d4 d5 2. c4 c6 3. Nf3 e6 4. Nc3 Nf6 5. Bf4 Bb4 6. Rc1 O-O 7. a3 Bxc3+ 8. bxc3 Nbd7 9. cxd5 cxd5 10. c4 a6 11. e3 b5 12. cxd5 exd5 13. Bc7 Qe7 14. Bf4 Bb7 15. Ne5 Nxe5 16. Bxe5 Ne4 17. Rc7 Qxa3 18. Rxb7 Qb4+ 19. Ke2 Nc3+ 20. Ke1 Nxd1+ 21. Kxd1 Rac8 22. Bd3 Rc3 23. Ke2 Qb2+ 24. Kf3 f5 25. Bd6 Rf7 26. Rb8+ Rf8 27. Rxf8# 1-0

[Event "Betsys MČR v online bleskovém šachu 2021"]
[Site "Chess.com"]
[Date "2021.04.17"]
[Round "13"]
[White "feela1"]
[Black "tkokosek007"]
[Result "0-1"]
[WhiteElo "1275"]
[BlackElo "1372"]
[TimeControl "180+1"]
[EndTime "11:09:33 PDT"]
[Termination "Uživatel tkokosek007 zvítězil po vzdání soupeře"]

1. e4 Nf6 2. Nc3 d5 3. exd5 Nxd5 4. Nxd5 Qxd5 5. Qe2 Nc6 6. Nf3 Bg4 7. h3 Bh5 8.
d3 Nd4 9. Qd2 Nxf3+ 10. gxf3 Bxf3 11. Rg1 O-O-O 12. Rg3 Bh5 13. Bg2 Qd6 14. Qa5 Qb6 15.
Qxh5 g6 16. Qf3 e5 17. Qxf7 Bd6 18. Re3 Rdf8 19. Qe6+ Kb8 20. a3 Bb4+ 21. c3 Bxc3+ 22. bxc3 Qxe6 23. Rb1 b6 24. d4 Qf5 25. Rf3 Qxb1 26. Rxf8+ Rxf8 27. Kd2 exd4 0-1

[Event "Betsys MČR v online bleskovém šachu 2021"]
[Site "Chess.com"]
[Date "2021.04.17"]
[Round "13"]
[White "sharpi5135"]
[Black "Sorcercream"]
[Result "0-1"]
[WhiteElo "758"]
[BlackElo "1035"]
[TimeControl "180+1"]
[EndTime "11:09:40 PDT"]
[Termination "Uživatel Sorcercream zvítězil na čas"]

1. e4 e5 2. Nf3 Nc6 3. Be2 Nf6 4.
O-O Nxe4 5. d3 Nf6 6. Bg5 Be7 7. Nc3 d5 8. d4 exd4 9. Nb5 O-O 10. Nbxd4 Nxd4 11. Nxd4 c6 12. Nf3 h6 13. Be3 Ne4 14. Bd3 Bf5 15. Nh4 Bh7 16. Nf3 f5 17. Ne5 f4 18. Bd2 Bd6 19. Ng4 h5 20. Bxe4 dxe4 21. Nh6+ gxh6 22. Qxh5 Qg5 23. Qxg5+ hxg5 24. g3 fxg3 25.
hxg3 g4 26. Bf4 Bxf4 27. gxf4 Rxf4 28. Kg2 Raf8 0-1

[Event "Betsys MČR v online bleskovém šachu 2021"]
[Site "Chess.com"]
[Date "2021.04.17"]
[Round "13"]
[White "Trickov"]
[Black "masterofbuzkashi"]
[Result "1-0"]
[WhiteElo "2407"]
[BlackElo "2237"]
[TimeControl "180+1"]
[EndTime "11:09:45 PDT"]
[Termination "Uživatel Trickov zvítězil matem"]

1. d4 c5 2. d5 d6 3. e4 g6 4. c4 Bg7 5. Bd3 Nd7 6. Nf3 Ngf6 7.
Nc3 O-O 8. h3 Ne5 9. Nxe5 dxe5 10.
Be3 b6 11. a3 Ne8 12. b4 cxb4 13. axb4 f5 14. c5 f4 15. Bd2 Nf6 16. Bc4 Kh8 17.
O-O f3 18. Qxf3 Nxd5 19. Qe2 Nf4 20. Bxf4 exf4 21. Rfd1 Qc7 22. Nd5 Qb7 23. cxb6 Bxa1 24. Rxa1 axb6 25. Qb2+ Rf6 26. Nxf6 Rxa1+ 27. Qxa1 Kg7 28.
Nh5+ Kh6 29. Qg7+ Kxh5 30. Qxh7+ Kg5 31. h4+ Kf6 32. Qh8# 1-0

[Event "Betsys MČR v online bleskovém šachu 2021"]
[Site "Chess.com"]
[Date "2021.04.17"]
[Round "13"]
[White "Ehlundi"]
[Black "viklan"]
[Result "1-0"]
[WhiteElo "1760"]
[BlackElo "1585"]
[TimeControl "180+1"]
[EndTime "11:09:45 PDT"]
[Termination "Uživatel Ehlundi zvítězil matem"]

1. e4 c5 2. Nf3 d6 3. d4 cxd4 4. Nxd4 Nf6 5. Nc3 a6 6. Bd3 e6 7. O-O Nbd7 8. Bg5 Qc7 9. Kh1 b5 10. a3 Bb7 11. f3 d5 12. exd5 Nxd5 13. Nxd5 Bxd5 14. c3 Bd6 15. g3 O-O 16. Qc2 h6 17. Be3 Ne5 18. Be2 Nc4 19. Bxc4 bxc4 20. Kg2 Rab8 21. Ne2 Qc6 22. Nd4 Qb7 23. Rab1 Bc5 24.
Qd2 Bxd4 25. Bxd4 Rbd8 26. Qe3 Qe7 27. Rbe1 Qg5 28. Qe2 Rb8 29. h4 Qg6 30. Rf2 Rb7 31.
Kh3 Rfb8 32. Qe5 Rxb2 33. Rxb2 Rxb2 34. Qd6 Qc2 35. Qe5 Qg2+ 36. Kg4 Bxf3+ 37. Kf4 f6 38. Qxe6+ Kh8 39. Qc8+ Kh7 40. Qf5+ Kh8 41. Re8# 1-0

[Event "Betsys MČR v online bleskovém šachu 2021"]
[Site "Chess.com"]
[Date "2021.04.17"]
[Round "13"]
[White "MartinHollan"]
[Black "Paulz64"]
[Result "1-0"]
[WhiteElo "2622"]
[BlackElo "2480"]
[TimeControl "180+1"]
[EndTime "11:09:50 PDT"]
[Termination "Uživatel MartinHollan zvítězil po vzdání soupeře"]

1. e4 c5 2. Nf3 e6 3. Nc3 a6 4. g3 Nc6 5. Bg2 g6 6. d4 cxd4 7. Nxd4 Bg7 8. Be3 Ne5 9. O-O Nf6 10.
h3 O-O 11. f4 Nc4 12. Bc1 d6 13. b3 Nb6 14. Ba3 Qc7 15. Nce2 Rd8 16. c4 Nbd7 17. Rc1 Nc5 18. Nc3 Rb8 19. Bb2 b6 20.
b4 Ncd7 21. Nd5 exd5 22. cxd5 Qb7 23. Nc6 Re8 24. e5 Nh5 25. Qf3 b5 26. Nxb8 Qxb8 27.
g4 Qb6+ 28. Kh1 Nxf4 29. Qxf4 Nxe5 30. Bxe5 1-0

[Event "Betsys MČR v online bleskovém šachu 2021"]
[Site "Chess.com"]
[Date "2021.04.17"]
[Round "13"]
[White "Nevimjakhrat"]
[Black "DONSANMIGUEL"]
[Result "1-0"]
[WhiteElo "1485"]
[BlackElo "1758"]
[TimeControl "180+1"]
[EndTime "11:09:50 PDT"]
[Termination "Uživatel Nevimjakhrat zvítězil na čas"]

1. c4 a6 2. Nc3 c5 3. g3 Nc6 4. Bg2 e6 5. e4 Be7 6. Nge2 d6 7.
O-O h5 8. d3 h4 9. h3 Nd4 10. Nxd4 cxd4 11. Ne2 e5 12. f4 hxg3 13. Nxg3 Bxh3 14. Bxh3 Rxh3 15. Nf5 Bf8 16. Qa4+ Qd7 17. Qxd7+ Kxd7 18. fxe5 g6 19. Nxd4 dxe5 20. Nf3 f6 21. Kg2 Rh7 22. Be3 Ne7 23. Rad1 f5 24. d4 fxe4 25.
dxe5+ Kc6 26. Ng5 Rh4 27. Rd6+ Kc7 28. Ne6+ Kb8 29. Rd8+ Nc8 30. Rdxf8 b6 31. R1f7 Rg4+ 32. Kh3 1-0

[Event "Betsys MČR v online bleskovém šachu 2021"]
[Site "Chess.com"]
[Date "2021.04.17"]
[Round "13"]
[White "DiscoSTU666"]
[Black "tryskomys"]
[Result "0-1"]
[WhiteElo "1857"]
[BlackElo "1650"]
[TimeControl "180+1"]
[EndTime "11:09:51 PDT"]
[Termination "Uživatel tryskomys zvítězil po vzdání soupeře"]

1. e4 e5 2. Nf3 Nc6 3. Bc4 Bc5 4.
O-O Nf6 5. d4 exd4 6. e5 d5 7.
Bb5 Ne4 8. Nxd4 Bd7 9. Bxc6 bxc6 10. Kh1 O-O 11. f3 Ng5 12. f4 Ne4 13. Nb3 Nf2+ 14. Rxf2 Bxf2 15. Qf3 Bb6 16. Nc3 Bf5 17. g4 Be4 18. Nxe4 dxe4 19. Qxe4 Qd1+ 20. Kg2 Qg1+ 21. Kh3 Qf1+ 22. Qg2 Qc4 23. Bd2 a5 24. Rf1 a4 25.
Nc1 Qxc2 26. f5 a3 27. b3 Rad8 28. Bg5 Qc3+ 29. Qg3 Qxg3+ 30. Kxg3 Rd5 31. e6 f6 32. Bf4 Bc5 33. Re1 Bd6 34. Ne2 Re8 35. Nc3 Rd3+ 36.
Re3 Rxe3+ 0-1

[Event "Betsys MČR v online bleskovém šachu 2021"]
[Site "Chess.com"]
[Date "2021.04.17"]
[Round "13"]
[White "TheRigos"]
[Black "MartinCerveny"]
[Result "1-0"]
[WhiteElo "2578"]
[BlackElo "2654"]
[TimeControl "180+1"]
[EndTime "11:09:54 PDT"]
[Termination "Uživatel TheRigos zvítězil po vzdání soupeře"]

1. e4 c5 2. Nf3 d6 3. d4 cxd4 4. Qxd4 Nc6 5. Bb5 Bd7 6. Bxc6 Bxc6 7. Nc3 Nf6 8. Bg5 h6 9. Bh4 e5 10. Qd3 Be7 11. O-O-O g5 12. Bg3 Qa5 13. Nd2 b5 14.
h4 g4 15. h5 Rc8 16. Bh4 b4 17. Nc4 Qc5 18. Bxf6 Bxf6 19. Nxd6+ Ke7 20. Nxc8+ Rxc8 21. Nd5+ Bxd5 22. exd5 Kf8 23. Kb1 a5 24. d6 a4 25. d7 Rd8 26. Qf5 Ke7 27. Qe4 a3 28. Rd5 Qxf2 29. Qxb4+ Ke6 30. Qc4 Ke7 31. Qb4+ Ke6 32.
Rd6+ Kf5 33. Qc4 Kg5 34. Qxf7 Rb8 35. Qg6+ 1-0